Map: Prion Terraces

Players

PtitDrogo

  • Race: Protoss Protoss
  • League: Master

Neeblet (Neeb) - Winner!

  • Race: Protoss Protoss
  • League: Grandmaster

Event: DreamHack ZOWIE Open Leipzig

VOD

Have the link to the VOD?

Description

Time

  • Played on: Jan. 22, 2016, 1:34 p.m.
  • Length: 11:32

All games in this series

Show
View Real Time Build Order
Export as new Build Order

PtitDrogo Protoss 

Build Orders: 1 Gate Expand, Oracle Opening 

Get SALT Encoding   

  12  0:01  Probe (Chrono Boost)  
  13  0:11  Probe (Chrono Boost)  
  14  0:18  Pylon  
  14  0:22  Probe (Chrono Boost)  
  15  0:36  Probe (Chrono Boost), Gateway  
  15  0:41  Assimilator  
  16  0:47  Probe (Chrono Boost)  
  17  0:57  Probe (Chrono Boost)  
  18  1:08  Probe (Chrono Boost)  
  19  1:18  Nexus  
  19  1:22  Probe (Chrono Boost)  
  20  1:30  Cybernetics Core  
  20  1:33  Probe (Chrono Boost)  
  20  1:38  Assimilator  
  21  1:44  Probe (Chrono Boost)  
  22  1:51  Pylon  
  22  1:54  Probe (Chrono Boost)  
  23  2:09  Probe, Adept (Chrono Boost), Warp Gate  
  26  2:21  Probe  
  27  2:28  Probe  
  27  2:33  Probe, Adept (Chrono Boost)  
  31  2:39  Probe, Stargate  
  32  2:45  Probe  
  32  2:49  Assimilator  
  32  2:50  Probe  
  33  2:57  Probe  
  35  3:00  Probe  
  35  3:02  Adept (Chrono Boost)  
  38  3:09  Probe  
  38  3:11  Probe  
  40  3:21  Probe  
  40  3:22  Oracle (Chrono Boost)  
  40  3:25  Pylon  
  45  3:29  Pylon  
  45  3:30  Mothership Core  
  46  3:39  Robotics Facility  
  46  3:41  Probe  
  47  3:51  Probe (Chrono Boost)  
  47  3:53  Probe (Chrono Boost)  
  49  4:03  Probe (Chrono Boost), Gateway  
  49  4:04  Probe (Chrono Boost), Gateway  
  51  4:14  Probe (Chrono Boost)  
  50  4:22  Probe (Chrono Boost), Nexus  
  51  4:25  Pylon  
  51  4:34  Probe x2 (Chrono Boost)  
  51  4:36  Observer (Chrono Boost)  
  54  4:38  Void Ray  
  54  4:40  Pylon  
  58  4:46  Probe x2  
  58  4:49  Sentry  
  62  4:56  Immortal (Chrono Boost)  
  62  4:57  Probe  
  62  4:58  Probe  
  68  5:02  Stalker, Assimilator  
  68  5:06  Stalker  
  72  5:08  Probe  
  72  5:10  Probe  
  74  5:19  Probe  
  75  5:22  Stalker, Probe  
  78  5:32  Probe  
  78  5:33  Probe, Void Ray (Chrono Boost), Stargate  
  78  5:34  Probe  
  85  5:40  Sentry  
  85  5:41  Adept  
  89  5:42  Probe  
  89  5:44  Probe  
  89  5:46  Probe  
  92  5:54  Probe  
  92  5:56  Pylon  
  93  5:59  Assimilator  
  93  6:00  Assimilator  
  93  6:04  Pylon  
  93  6:07  Forge  
  93  6:09  Pylon  
  93  6:12  Probe  
  93  6:14  Stalker, Void Ray (Chrono Boost)  
  97  6:27  Probe  
  88  6:44  Void Ray (Chrono Boost)  
  89  6:47  Probe  
  89  6:51  Void Ray (Chrono Boost)  
  89  6:53  Immortal  
  98  6:55  Probe  
  98  6:56  Photon Cannon  
  98  6:57  Photon Cannon  
  98  6:59  Photon Cannon  
  98  7:00  Photon Cannon  
  98  7:01  Zealot x3  
  105  7:05  Pylon  
  105  7:11  Stargate  
  105  7:21  Pylon  
  105  7:22  Pylon  
  105  7:23  Fleet Beacon  
  105  7:24  Void Ray (Chrono Boost), Pylon  
  105  7:29  Void Ray (Chrono Boost)  
  113  7:30  Pylon  
  111  7:46  Pylon  
  111  7:47  Photon Cannon  
  111  7:48  Pylon  
  111  7:52  Stalker x3  
  117  8:04  Pylon  
  117  8:08  Carrier (Chrono Boost)  
  129  8:14  Carrier (Chrono Boost)  
  129  8:21  Carrier (Chrono Boost)  
  129  8:23  Zealot x3  
  135  8:32  Observer  
  134  8:50  Pylon  
  134  8:51  Pylon  
  134  8:53  Photon Cannon  
  133  9:01  Protoss Air Weapons Level 1  
  133  9:04  Graviton Catapult, Nexus  
  133  9:05  Pylon  
  133  9:07  Pylon  
  133  9:14  Zealot x3  
  138  9:22  Photon Cannon x2  
  138  9:23  Carrier (Chrono Boost)  
  144  9:27  Photon Cannon  
  144  9:29  Pylon  
  144  9:31  Pylon  
  144  9:32  Pylon  
  142  9:49  Photon Cannon  
  142  9:50  Photon Cannon  
  142  9:52  Photon Cannon  
  136  9:53  Photon Cannon  
  136  9:54  Photon Cannon  
  136  9:57  Pylon, Photon Cannon  
  136  10:13  Photon Cannon  
  136  10:15  Photon Cannon  
  136  10:16  Carrier (Chrono Boost)  
  136  10:20  Zealot  
  136  10:21  Zealot  
  142  10:49  Stalker x2  
  128  10:50  Stalker  
  123  11:06  Mothership Core  
  125  11:14  Stargate  
Show
View Real Time Build Order
Export as new Build Order

Neeblet Protoss - Winner!

Build Orders: Nexus First 

Get SALT Encoding   

  12  0:01  Probe (Chrono Boost)  
  13  0:11  Probe (Chrono Boost)  
  14  0:18  Pylon  
  14  0:22  Probe (Chrono Boost)  
  15  0:36  Probe (Chrono Boost)  
  16  0:47  Probe (Chrono Boost)  
  17  0:57  Nexus  
  17  1:06  Gateway  
  17  1:10  Probe (Chrono Boost)  
  18  1:17  Assimilator  
  18  1:21  Probe (Chrono Boost)  
  18  1:23  Assimilator  
  19  1:31  Probe (Chrono Boost)  
  20  1:36  Gateway  
  20  1:42  Probe (Chrono Boost)  
  21  1:52  Probe (Chrono Boost)  
  22  1:56  Cybernetics Core  
  22  2:03  Probe (Chrono Boost)  
  23  2:10  Probe (Chrono Boost)  
  23  2:14  Probe (Chrono Boost)  
  25  2:21  Probe (Chrono Boost)  
  26  2:24  Probe (Chrono Boost)  
  27  2:31  Probe (Chrono Boost)  
  27  2:32  Stalker x2 (Chrono Boost)  
  27  2:35  Warp Gate  
  32  2:38  Probe  
  32  2:43  Pylon  
  33  2:48  Probe (Chrono Boost)  
  33  2:51  Mothership Core (Chrono Boost)  
  36  2:59  Stalker  
  36  3:02  Probe (Chrono Boost)  
  39  3:09  Stalker  
  39  3:10  Probe (Chrono Boost)  
  39  3:12  Probe (Chrono Boost)  
  43  3:19  Robotics Facility  
  43  3:21  Probe (Chrono Boost)  
  43  3:23  Probe (Chrono Boost)  
  45  3:28  Pylon  
  45  3:31  Probe (Chrono Boost)  
  46  3:36  Assimilator  
  46  3:40  Twilight Council  
  46  3:46  Probe x2 (Chrono Boost)  
  46  3:47  Pylon  
  48  3:57  Probe x2 (Chrono Boost)  
  48  4:01  Pylon  
  48  4:07  Probe x2 (Chrono Boost)  
  48  4:09  Observer, Blink (Chrono Boost)  
  51  4:16  Probe (Chrono Boost)  
  51  4:17  Probe (Chrono Boost)  
  51  4:24  Assimilator  
  53  4:26  Gateway, Probe  
  53  4:29  Probe  
  53  4:32  Observer  
  53  4:37  Probe  
  54  4:39  Sentry  
  54  4:41  Probe  
  58  4:47  Probe  
  58  4:51  Nexus, Pylon  
  59  4:53  Probe  
  59  4:56  Immortal (Chrono Boost)  
  59  4:59  Probe  
  65  5:05  Pylon  
  65  5:06  Probe, Pylon  
  66  5:11  Probe  
  66  5:18  Probe  
  67  5:24  Gateway  
  67  5:26  Gateway  
  67  5:27  Gateway  
  68  5:32  Gateway  
  71  5:36  Immortal (Chrono Boost)  
  71  5:40  Templar Archives  
  71  5:43  Probe x2  
  73  5:52  Charge  
  73  5:59  Probe x2  
  73  6:03  Zealot x3  
  81  6:05  Probe  
  86  6:11  Immortal (Chrono Boost)  
  86  6:23  Probe  
  86  6:24  Stalker x4  
  81  6:36  Probe  
  81  6:37  Probe x2, Assimilator  
  81  6:38  Pylon, Assimilator  
  83  6:45  Warp Prism (Chrono Boost)  
  83  6:47  Probe  
  83  6:48  Forge  
  83  6:49  Probe  
  83  6:50  Probe  
  83  6:51  Stalker  
  83  6:52  Sentry  
  91  7:02  Probe  
  91  7:04  Stalker x2  
  91  7:05  Stalker x2  
  99  7:09  Pylon  
  99  7:12  Stalker, Probe, Pylon  
  99  7:15  Probe  
  103  7:17  Stalker  
  105  7:23  Protoss Ground Weapons Level 1 (Chrono Boost)  
  104  7:45  Stalker x4, Nexus  
  104  7:46  Stalker, Pylon  
  104  7:49  Stalker  
  116  8:01  Gateway  
  116  8:05  High Templar  
  118  8:11  High Templar x3  
  118  8:12  High Templar  
  126  8:16  High Templar, Archon  
  126  8:18  Archon  
  128  8:22  Archon  
  128  8:23  Probe  
  128  8:24  Stalker  
  128  8:25  Probe x2  
  133  8:27  Assimilator  
  133  8:31  Assimilator  
  131  8:34  Probe, Gateway  
  131  8:36  Gateway  
  131  8:37  Probe x2  
  131  8:38  Gateway  
  132  8:44  Gateway  
  132  8:49  Pylon  
  132  8:50  Pylon x2  
  132  8:55  Pylon  
  132  8:59  High Templar x4  
  132  9:00  Zealot  
  132  9:01  Zealot x3  
  148  9:03  Warp Prism  
  148  9:04  Archon x2  
  148  9:07  Protoss Ground Weapons Level 2 (Chrono Boost)  
  150  9:12  Pylon x2  
  150  9:13  Pylon x2  
  150  9:28  Pylon  
  150  9:29  Pylon  
  150  9:38  Stalker x3  
  150  9:39  Stalker x5  
  150  9:40  Stalker x3  
  168  10:05  Nexus  
  168  10:07  Pylon  
  168  10:13  High Templar x4  
  176  10:14  High Templar x2  
  176  10:15  Zealot x6  
  176  10:19  Archon  
  176  10:21  Archon  
  192  10:22  Archon  
  192  10:31  Assimilator  
  192  10:34  Assimilator  
  192  10:42  Stalker x3  
  188  10:43  Stalker  
  186  10:52  High Templar x3  
  186  10:53  High Templar  
  186  10:54  Zealot x4  
  194  10:57  Archon x2  
  194  11:10  Stalker x3  
  192  11:24  Stalker x5  
  194  11:26  Stalker  
  194  11:27  Stalker x3  

Tags
 
Add a new tag
Caveats
  • Supply blocks, unpowered buildings, or Contaminate may cause inaccurate times.
  • Supply counts are checked every 10 seconds.